 Dungeon Crawl Stone Soup version 0.25-a0-1079-g858b6a6ff6 (webtiles) character file.

Game seed: 17857943577817752753, levelgen mode: classic

36 Amnesiac the Twirler (level 3, -2/20 HPs)
             Began as a Deep Elf Gladiator on May 16, 2020.
             Slain by a worm (10 damage)
             ... on level 2 of the Dungeon.
             The game lasted 00:01:44 (902 turns).

Amnesiac the Twirler (Deep Elf Gladiator)            Turns: 902, Time: 00:01:44

Health: -2/20      AC:  4    Str: 12    XL:     3   Next: 19%
Magic:  5/5        EV: 13    Int: 12    God:
Gold:   63         SH:  0    Dex: 16    Spells: 2/2 levels left

rFire    . . .     SeeInvis .   a - +0 quarterstaff
rCold    + . .     Gourm    .   (shield currently unavailable)
rNeg     . . .     Faith    .   b - +0 leather armour
rPois    .         Spirit   .   c - +0 helmet
rElec    .         Reflect  .   (no cloak)
rCorr    .         Harm     .   (no gloves)
MR       .....                  (no boots)
Stlth    +.........             (no amulet)
HPRegen  0.06/turn              d - ring of protection from cold
MPRegen  0.09/turn              (no ring)

@: no status effects
A: no striking features
a: no special abilities


You were on level 2 of the Dungeon.
You were not hungry.

You visited 1 branch of the dungeon, and saw 2 of its levels.

You collected 63 gold pieces.

Inventory:

Hand Weapons
 a - a +0 quarterstaff (weapon)
Missiles
 g - 50 arrows
Armour
 b - a +0 leather armour (worn)
 c - a +0 helmet (worn)
Jewellery
 d - a ring of protection from cold (left hand)
Scrolls
 h - a scroll of blinking {!r, unknown}
 j - 3 scrolls of immolation {!r, unknown}
 k - a scroll of remove curse {!r, unknown}
 m - a scroll of amnesia {!r, unknown}
Potions
 e - a potion of curing {!q, unknown}
 l - 2 potions of ambrosia {!q, unknown}
Comestibles
 f - 5 rations
 i - 4 chunks of flesh


   Skills:
 - Level 1.5 Fighting
 * Level 4.0 Staves
 - Level 2.0 Throwing
 + Level 1.1 Armour
 - Level 3.6 Dodging


You had 2 spell levels left.
You didn't know any spells.
Your spell library was empty.

Dungeon Overview and Level Annotations

Branches:
Dungeon (2/15)

Altars:


Message History

The bat is moderately wounded.
The bat barely misses you. The bat hits you but does no damage.
A kobold comes into view.
The bat hits you but does no damage.
The kobold shouts!
The bat closely misses you.
You barely miss the bat. The bat hits you but does no damage.
You hit the bat but do no damage. The bat closely misses you.
The bat barely misses you.
You hit the bat.
You kill the bat!
The kobold hits you but does no damage.
You hit the kobold.
The kobold is heavily wounded.
The kobold hits you.
You sock the kobold!
You kill the kobold!
No target in view!
You butcher the bat corpse.
i - 10 chunks of flesh (gained 1)
You see here a bat skeleton. x2
Some of the chunks of flesh in your inventory have rotted away.
m - a scroll labeled ZICLUR FERUGG {!r}
g - 50 arrows (gained 32)
A hobgoblin comes into view.
A hobgoblin is nearby!
A hobgoblin is nearby!
The hobgoblin shouts!
An adder comes into view.
A rat comes into view.
The adder moves out of view.
The hobgoblin hits you.
A worm comes into view.
You closely miss the hobgoblin. The hobgoblin hits you.
You hit the hobgoblin.
You kill the hobgoblin!
Your Staves skill increases to level 4!
The rat barely misses you.
You see here a hobgoblin corpse.
You barely miss the rat. The rat bites you but does no damage.
You closely miss the rat.
The rat twitches its whiskers.
The rat bites you but does no damage.
You hit the rat.
The rat is heavily wounded.
The rat barely misses you.
You barely miss the rat.
The rat is heavily wounded.
The rat barely misses you.
You closely miss the rat.
The rat is heavily wounded.
The rat misses you.
You hit the rat but do no damage.
The rat is heavily wounded.
The rat completely misses you. The worm bites you!
* * * LOW HITPOINT WARNING * * *
You barely miss the rat.
The rat is heavily wounded.
The rat misses you.
You sock the worm!
The worm is heavily wounded.
The rat closely misses you. The worm bites you!
Ouch! That really hurt!
You die...

#...............#
#.........####.##
#.........####.###
#.................
#.########........
#. #.........
#...##+### #...#
#.@.# #wr.# #...#
....# .....#
......# ........
......###


You could see a worm and a rat.

Vanquished Creatures
  A dart slug (D:2)
  2 leopard geckos (D:1)
  6 bats
  2 giant cockroaches
  5 goblins (D:1)
  4 hobgoblins
  3 frilled lizards (D:1)
  3 kobolds
  4 rats (D:1)
30 creatures vanquished.

Notes
Turn   | Place    | Note
-------+----------+-------------------------------------------
     0 | D:1      | Amnesiac the Deep Elf Gladiator began the quest for the
                  | Orb.
     0 | D:1      | Reached XP level 1. HP: 12/12 MP: 3/3
   456 | D:1      | Reached XP level 2. HP: 16/16 MP: 4/4
   744 | D:1      | Reached skill level 1 in Armour
   836 | D:2      | Reached XP level 3. HP: 19/20 MP: 5/5
   893 | D:2      | Reached skill level 4 in Staves
   902 | D:2      | Slain by a worm

Illustrated notes

Levels and vault maps discovered:
D:1:      scummos_arrival_gate, layout_loops_cross, hex_tiny
D:2:      layout_basic

Skill      XL: |  1  2  3 |
---------------+----------+-----
Armour         | 1 |  1.1
Staves         | 4 |  4.0
Fighting       | |  1.5
Throwing       | |  2.0
Dodging        | |  3.6

Action                   || total
-------------------------++-------
Melee: Quarterstaff      ||    90
Throw: Throwing net      ||     6
 Stab: Sleeping          ||     3
Armor: Leather armour    ||    30
Dodge: Dodged            ||    64

Table legend:
 A = Non-vault XP
 B = Vault XP
 C = Vault XP percentage of total XP
 D = Non-vault monster count
 E = Vault monster count
 F = Vault count percentage of total count
                 A         B        C        D         E       F
            +---------+---------+-------+---------+---------+-------
      Total |      52 |       0 |   0.0 |      30 |       0 |   0.0
            +---------+---------+-------+---------+---------+-------
        D:1 |      38 |       0 |   0.0 |      24 |       0 |   0.0
        D:2 |      14 |       0 |   0.0 |       6 |       0 |   0.0
            +---------+---------+-------+---------+---------+-------
